| TOP OF THE 1ST |
|
St. Petersburg Saints batting - Pitching for Fort Myers Palms : RHP Todd Worrell
|
|
Pitching: RHP Todd Worrell
|
|
|
Batting: RHB Jeff Pyburn
|
0-0: Called Strike 0-1: Ground out 6-3 (Groundball, 6, EV 86.9 MPH)
|
|
Batting: LHB Al Leboeuf
|
0-0: Ball 1-0: SINGLE (Line Drive, 6D, EV 98.8 MPH)
|
|
Batting: LHB Terry Blocker
|
0-0: Ball 1-0: SINGLE (Flyball, 78S, EV 91.3 MPH) Al Leboeuf to second
|
|
Batting: RHB Rock Coyle
|
0-0: Fly out, F6 (Popup, 6, EV 70.6 MPH)
|
|
Batting: RHB Ric Despaux
|
0-0: Called Strike 0-1: Ball 1-1: Foul Ball, location: 2F 1-2: Foul Ball, location: 2F 1-2: Ball 2-2: Ball 3-2: Strikes out swinging
|
| Top of the 1st over - 0 runs, 2 hits, 0 errors, 2 left on base; St. Petersburg 0 - Fort Myers 0 |
| BOTTOM OF THE 1ST |
|
Fort Myers Palms batting - Pitching for St. Petersburg Saints : RHP Rich Zelaya
|
|
Pitching: RHP Rich Zelaya
|
|
|
Batting: RHB Stanley Baker
|
0-0: Called Strike 0-1: Called Strike 0-2: Foul Ball, location: 2F 0-2: Ball 1-2: Ball 2-2: Ball 3-2: Base on Balls
|
|
Batting: RHB Johnny Evans
|
0-0: Ball 1-0: Called Strike 1-1: Swinging Strike 1-2: Foul Ball, location: 2F 1-2: Ball 2-2: Ball 3-2: SINGLE (Groundball, 6M, EV 90.6 MPH) (infield hit) Stanley Baker to second
|
|
Batting: LHB Gus Burgess
|
0-0: Called Strike 0-1: Ball 1-1: Foul Ball, location: 2F 1-2: Strikes out swinging
|
|
Batting: LHB James Atkinson
|
0-0: Ball 1-0: Fielders Choice at 2nd, 6-4 (Groundball, 6, EV 106.3 MPH) Stanley Baker to third
|
|
Batting: RHB Lindon Duncan
|
0-0: Ball 1-0: Ground out 5-3 (Groundball, 5S, EV 82.5 MPH)
|
| Bottom of the 1st over - 0 runs, 1 hit, 0 errors, 2 left on base; St. Petersburg 0 - Fort Myers 0 |
| TOP OF THE 2ND |
|
St. Petersburg Saints batting - Pitching for Fort Myers Palms : RHP Todd Worrell
|
|
Batting: RHB Jerry Johnson
|
0-0: Ball 1-0: Called Strike 1-1: Fly out, F7 (Flyball, 7S, EV 93.8 MPH)
|
|
Batting: RHB Randy Ingle
|
0-0: Called Strike 0-1: Foul Ball, location: 2F 0-2: SINGLE (Line Drive, 56D, EV 106.9 MPH)
|
|
Batting: RHB Roberto Alvarez
|
0-0: Swinging Strike 0-1: Ball 1-1: Ball 2-1: Foul Ball, location: 2F 2-2: Foul Ball, location: 2F 2-2: Foul Ball, location: 2F 2-2: Ball 3-2: Base on Balls Randy Ingle to second
|
|
Batting: RHB Pablo Carballo
|
0-0: Called Strike 0-1: Ball 1-1: Ball 2-1: Ball 3-1: Swinging Strike 3-2: Fly out, F8 (Flyball, 8RD, EV 90.0 MPH) Runner from 2nd tags up, SAFE at 3rd with throw by CF
|
|
Batting: RHB Jeff Pyburn
|
0-0: Ball 1-0: Ball 2-0: Ball 3-0: Base on Balls Roberto Alvarez to second
|
|
Batting: LHB Al Leboeuf
|
0-0: Called Strike 0-1: Ball 1-1: Fly out, F7 (Flyball, 7LD, EV 88.8 MPH)
|
| Top of the 2nd over - 0 runs, 1 hit, 0 errors, 3 left on base; St. Petersburg 0 - Fort Myers 0 |
| BOTTOM OF THE 2ND |
|
Fort Myers Palms batting - Pitching for St. Petersburg Saints : RHP Rich Zelaya
|
|
Batting: RHB Matt Sinatro
|
0-0: SINGLE (Line Drive, 7S, EV 96.3 MPH)
|
|
Batting: RHB Carl Nichols
|
0-0: Ball 1-0: Ball Wild Pitch! Matt Sinatro to second 2-0: Fly out, F4 (Popup, 4M, EV 56.9 MPH)
|
|
Batting: RHB Jay Greb
|
0-0: Called Strike 0-1: Ground out 4-3 (Groundball, 4, EV 89.4 MPH) Matt Sinatro to third
|
|
Batting: SHB Porter Wyatt
|
0-0: Ball 1-0: Ball 2-0: Ball 3-0: Base on Balls
|
|
Batting: RHB Stanley Baker
|
0-0: Ball 1-0: Ball 2-0: Ball 3-0: Base on Balls Porter Wyatt to second
|
|
Batting: RHB Johnny Evans
|
0-0: SINGLE (Groundball, 6MD, EV 102.5 MPH) Matt Sinatro scores Porter Wyatt to third Stanley Baker to second Runner from 3rd tries for Home, SAFE, throw by CF to home
|
|
Batting: LHB Gus Burgess
|
0-0: Ball 1-0: Ball 2-0: SINGLE (Groundball, 34D, EV 101.9 MPH) Stanley Baker to third Johnny Evans to second Runner from 3rd tries for Home, SAFE, throw by RF to home
|
|
Batting: LHB James Atkinson
|
0-0: SINGLE (Groundball, 34S, EV 70.6 MPH) (infield hit) Johnny Evans to third Gus Burgess to second
|
|
Batting: RHB Lindon Duncan
|
0-0: Ball 1-0: TRIPLE (Flyball, 89XD, EV 94.4 MPH) Johnny Evans scores Gus Burgess scores James Atkinson scores
|
|
Pitching: LHP James Haight
|
|
|
Batting: RHB Matt Sinatro
|
0-0: Called Strike 0-1: Ball 1-1: Called Strike 1-2: Strikes out swinging
|
| Bottom of the 2nd over - 6 runs, 5 hits, 0 errors, 1 left on base; St. Petersburg 0 - Fort Myers 6 |
| TOP OF THE 3RD |
|
St. Petersburg Saints batting - Pitching for Fort Myers Palms : RHP Todd Worrell
|
|
Batting: LHB Terry Blocker
|
0-0: Called Strike 0-1: Foul Ball, location: 2F 0-2: Ball 1-2: Strikes out looking
|
|
Batting: RHB Rock Coyle
|
0-0: Ball 1-0: Ball 2-0: Called Strike 2-1: Swinging Strike 2-2: Ball 3-2: Strikes out swinging, 2-3 out at first.
|
|
Batting: RHB Ric Despaux
|
0-0: Called Strike 0-1: Ball 1-1: Called Strike 1-2: Foul Ball, location: 2F 1-2: Ball 2-2: Strikes out looking
|
| Top of the 3rd over - 0 runs, 0 hits, 0 errors, 0 left on base; St. Petersburg 0 - Fort Myers 6 |
| BOTTOM OF THE 3RD |
|
Fort Myers Palms batting - Pitching for St. Petersburg Saints : LHP James Haight
|
|
Batting: RHB Carl Nichols
|
0-0: Ball 1-0: Foul Ball, location: 2F 1-1: DOUBLE (Line Drive, 3D, EV 96.3 MPH)
|
|
Batting: RHB Jay Greb
|
0-0: Called Strike 0-1: DOUBLE (Flyball, 78D, EV 100.6 MPH) Carl Nichols scores
|
|
Batting: SHB Porter Wyatt
|
0-0: Called Strike 0-1: Ball 1-1: Foul Ball, location: 2F 1-2: Strikes out swinging
|
|
Batting: RHB Stanley Baker
|
0-0: Ball 1-0: Ball 2-0: Ball 3-0: Base on Balls
|
|
Batting: RHB Johnny Evans
|
0-0: Fly out, F8 (Line Drive, 8RD, EV 110.0 MPH)
|
|
Batting: LHB Gus Burgess
|
0-0: Swinging Strike 0-1: Ball 1-1: Called Strike 1-2: Strikes out looking
|
| Bottom of the 3rd over - 1 run, 2 hits, 0 errors, 2 left on base; St. Petersburg 0 - Fort Myers 7 |
| TOP OF THE 4TH |
|
St. Petersburg Saints batting - Pitching for Fort Myers Palms : RHP Todd Worrell
|
|
Batting: RHB Jerry Johnson
|
0-0: Ball 1-0: Ground out 6-3 (Groundball, 6S, EV 82.5 MPH)
|
|
Batting: RHB Randy Ingle
|
0-0: SINGLE (Groundball, 56D, EV 99.4 MPH)
|
|
Batting: RHB Roberto Alvarez
|
0-0: DOUBLE (Groundball, 5L, EV 102.5 MPH) Randy Ingle to third
|
|
Batting: RHB Pablo Carballo
|
0-0: Ball 1-0: Swinging Strike 1-1: Foul Ball, location: 2F 1-2: Ball 2-2: Fly out, F8 (Flyball, 8RD, EV 101.9 MPH) Runner from 3rd tags up, SCORES, throw by CF
|
|
Batting: RHB Jeff Pyburn
|
0-0: Ball 1-0: Ball 2-0: Foul Ball, location: 2F 2-1: Ball 3-1: Foul Ball, location: 2F 3-2: Ground out 6-3 (Groundball, 6, EV 85.6 MPH)
|
| Top of the 4th over - 1 run, 2 hits, 0 errors, 1 left on base; St. Petersburg 1 - Fort Myers 7 |
| BOTTOM OF THE 4TH |
|
Fort Myers Palms batting - Pitching for St. Petersburg Saints : LHP James Haight
|
|
Batting: LHB James Atkinson
|
0-0: Ball 1-0: Ball 2-0: Called Strike 2-1: Foul Ball, location: 2F 2-2: Ball 3-2: Base on Balls
|
|
Batting: RHB Lindon Duncan
|
0-0: Ball 1-0: Ball 2-0: Called Strike 2-1: Swinging Strike 2-2: Ball 3-2: Base on Balls James Atkinson to second
|
|
Batting: RHB Matt Sinatro
|
0-0: Fielders Choice at 2nd, 5-4 (Groundball, 5, EV 101.3 MPH) James Atkinson to third
|
|
Pitching: RHP Michael Nedelisky
|
|
|
Batting: RHB Carl Nichols
|
0-0: Fly out, F8 (Flyball, 8RD, EV 95.6 MPH) Runner from 3rd tags up, SCORES, throw by CF
|
|
Batting: RHB Jay Greb
|
0-0: Called Strike 0-1: Ball 1-1: SINGLE (Groundball, 56D, EV 101.3 MPH) Matt Sinatro to second
|
|
Batting: SHB Porter Wyatt
|
0-0: Ball 1-0: Swinging Strike 1-1: Swinging Strike 1-2: Strikes out swinging
|
| Bottom of the 4th over - 1 run, 1 hit, 0 errors, 2 left on base; St. Petersburg 1 - Fort Myers 8 |
| TOP OF THE 5TH |
|
St. Petersburg Saints batting - Pitching for Fort Myers Palms : RHP Todd Worrell
|
|
Batting: LHB Al Leboeuf
|
0-0: Called Strike 0-1: Ball 1-1: Ball 2-1: Ground out 5-3 (Groundball, 5, EV 79.4 MPH)
|
|
Batting: LHB Terry Blocker
|
0-0: Called Strike 0-1: Ball 1-1: Fly out, F9 (Flyball, 89D, EV 95.6 MPH)
|
|
Batting: RHB Rock Coyle
|
0-0: DOUBLE (Line Drive, 7LS, EV 93.8 MPH)
|
|
Batting: RHB Ric Despaux
|
0-0: Called Strike 0-1: Fly out, F9 (Flyball, 9LM, EV 96.3 MPH)
|
| Top of the 5th over - 0 runs, 1 hit, 0 errors, 1 left on base; St. Petersburg 1 - Fort Myers 8 |
| BOTTOM OF THE 5TH |
|
Fort Myers Palms batting - Pitching for St. Petersburg Saints : RHP Michael Nedelisky
|
|
Batting: RHB Stanley Baker
|
0-0: Fly out, F7 (Flyball, 7, EV 93.8 MPH)
|
|
Batting: RHB Johnny Evans
|
0-0: Ground out 4-3 (Groundball, 4, EV 104.4 MPH)
|
|
Batting: LHB Gus Burgess
|
0-0: Ball 1-0: Foul Ball, location: 2F 1-1: Foul Ball, location: 2F 1-2: Ball 2-2: Fly out, F5 (Popup, 25F, EV 85.0 MPH)
|
| Bottom of the 5th over - 0 runs, 0 hits, 0 errors, 0 left on base; St. Petersburg 1 - Fort Myers 8 |
| TOP OF THE 6TH |
|
St. Petersburg Saints batting - Pitching for Fort Myers Palms : RHP Todd Worrell
|
|
Batting: RHB Jerry Johnson
|
0-0: Ground out 6-3 (Groundball, 6, EV 104.4 MPH)
|
|
Batting: RHB Randy Ingle
|
0-0: Foul Ball, location: 2F 0-1: Ball 1-1: Fly out, F7 (Flyball, 78M, EV 91.3 MPH)
|
|
Batting: RHB Roberto Alvarez
|
0-0: Foul Ball, location: 2F 0-1: Swinging Strike 0-2: Strikes out looking
|
| Top of the 6th over - 0 runs, 0 hits, 0 errors, 0 left on base; St. Petersburg 1 - Fort Myers 8 |
| BOTTOM OF THE 6TH |
|
Fort Myers Palms batting - Pitching for St. Petersburg Saints : RHP Michael Nedelisky
|
|
Batting: LHB James Atkinson
|
0-0: Fly out, F7 (Flyball, 7S, EV 74.4 MPH)
|
|
Batting: RHB Lindon Duncan
|
0-0: Called Strike 0-1: Ball 1-1: Ball 2-1: Ball 3-1: Called Strike 3-2: Fly out, F8 (Line Drive, 8RM, EV 99.4 MPH)
|
|
Batting: RHB Matt Sinatro
|
0-0: Ball 1-0: Swinging Strike 1-1: Ground out 6-3 (Groundball, 6, EV 105.6 MPH)
|
| Bottom of the 6th over - 0 runs, 0 hits, 0 errors, 0 left on base; St. Petersburg 1 - Fort Myers 8 |
| TOP OF THE 7TH |
|
St. Petersburg Saints batting - Pitching for Fort Myers Palms : RHP Todd Worrell
|
|
Pinch Hitting: RHB Pablo Cavallo
|
0-0: Fly out, F9 (Line Drive, 9, EV 88.1 MPH)
|
|
Batting: RHB Jeff Pyburn
|
0-0: Ball 1-0: Ground out 5-3 (Groundball, 56S, EV 86.3 MPH)
|
|
Pinch Hitting: RHB Dave Clements
|
0-0: Called Strike 0-1: Swinging Strike 0-2: Foul Ball, location: 2F 0-2: Ball 1-2: Ball 2-2: Strikes out swinging
|
| Top of the 7th over - 0 runs, 0 hits, 0 errors, 0 left on base; St. Petersburg 1 - Fort Myers 8 |
| BOTTOM OF THE 7TH |
|
Fort Myers Palms batting - Pitching for St. Petersburg Saints : RHP Michael Nedelisky
|
|
Now at 1B: Dave Clements
|
|
|
Now at 3B: Pablo Cavallo
|
|
|
Pinch Hitting: RHB Paul Fryer
|
0-0: Fly out, F8 (Flyball, 8RD, EV 104.4 MPH)
|
|
Pinch Hitting: RHB Tim Brown
|
0-0: Ball 1-0: Ball 2-0: Swinging Strike 2-1: Ball 3-1: Ground out 1-3 (Groundball, 13, EV 68.8 MPH)
|
|
Batting: SHB Porter Wyatt
|
0-0: Ball 1-0: Ground out 6-3 (Groundball, 6MS, EV 78.1 MPH)
|
| Bottom of the 7th over - 0 runs, 0 hits, 0 errors, 0 left on base; St. Petersburg 1 - Fort Myers 8 |
| TOP OF THE 8TH |
|
St. Petersburg Saints batting - Pitching for Fort Myers Palms : RHP Todd Worrell
|
|
Now at 2B: Tim Brown
|
|
|
Now at 3B: Paul Fryer
|
|
|
Pinch Hitting: RHB Bill Hill
|
0-0: Called Strike 0-1: Ball 1-1: Called Strike 1-2: Ball 2-2: Foul Ball, location: 2F 2-2: Ball 3-2: Strikes out looking
|
|
Pinch Hitting: LHB Thomas Langham
|
0-0: Ball 1-0: Ball 2-0: Ball 3-0: Called Strike 3-1: Called Strike 3-2: Base on Balls
|
|
Batting: RHB Ric Despaux
|
0-0: Called Strike 0-1: Ball 1-1: Fielders Choice at 2nd, 5-4 (Groundball, 56S, EV 83.8 MPH)
|
|
Batting: RHB Jerry Johnson
|
0-0: Ball 1-0: Ball 2-0: Ball 3-0: Called Strike 3-1: Foul Ball, location: 2F 3-2: Foul Ball, location: 2F 3-2: Ground out 5-3 (Groundball, 5, EV 100.6 MPH)
|
| Top of the 8th over - 0 runs, 0 hits, 0 errors, 1 left on base; St. Petersburg 1 - Fort Myers 8 |
| BOTTOM OF THE 8TH |
|
Fort Myers Palms batting - Pitching for St. Petersburg Saints : RHP Michael Nedelisky
|
|
Pitching: RHP Richard Robinson
|
|
|
Now in LF: Bill Hill
|
|
|
Now in RF: Joe Lansford
|
|
|
Batting: RHB Stanley Baker
|
0-0: Ball 1-0: Ball 2-0: Foul Ball, location: 2F 2-1: SINGLE (Line Drive, 4MD, EV 95.0 MPH)
|
|
Batting: RHB Johnny Evans
|
0-0: Ball 1-0: Grounds into double play, 4-6-3 (Groundball, 4, EV 88.1 MPH)
|
|
Pinch Hitting: LHB Arthur Carlisi
|
0-0: Ball 1-0: Ball 2-0: Foul Ball, location: 2F 2-1: Foul Ball, location: 2F 2-2: Foul Ball, location: 2F 2-2: Ball 3-2: Ground out 5-3 (Groundball, 56S, EV 87.5 MPH)
|
| Bottom of the 8th over - 0 runs, 1 hit, 0 errors, 0 left on base; St. Petersburg 1 - Fort Myers 8 |
| TOP OF THE 9TH |
|
St. Petersburg Saints batting - Pitching for Fort Myers Palms : RHP Todd Worrell
|
|
Now in RF: Arthur Carlisi
|
|
|
Batting: RHB Randy Ingle
|
0-0: Foul Ball, location: 2F 0-1: Swinging Strike 0-2: SINGLE (Flyball, 34D, EV 91.9 MPH)
|
|
Batting: RHB Roberto Alvarez
|
0-0: Foul Ball, location: 2F 0-1: Foul Ball, location: 2F 0-2: Ball 1-2: Foul Ball, location: 2F 1-2: Fly out, F9 (Flyball, 9LS, EV 83.1 MPH)
|
|
Batting: RHB Pablo Cavallo
|
0-0: Fielders Choice at 2nd, 4-6 (Groundball, 4, EV 83.1 MPH)
|
|
Batting: RHB Jeff Pyburn
|
0-0: Ball 1-0: Ball 2-0: Called Strike 2-1: Ball 3-1: Fly out, F9 (Flyball, 89M, EV 85.0 MPH)
|
| Top of the 9th over - 0 runs, 1 hit, 0 errors, 1 left on base; St. Petersburg 1 - Fort Myers 8 |
|